 Dungeon Crawl Stone Soup version 0.19-a0-683-g5f2401d (webtiles) character file.

50 Ijustatesigmund the Magician (level 3, -5/21 HPs)
             Began as an Octopode Wizard on June 17, 2016.
             Killed by nerve-wracking pain
             ... invoked by Jessica
              (12 damage)
             ... on level 2 of the Dungeon.
             The game lasted 00:04:37 (1427 turns).

Ijustatesigmund the Magician (Octopode Wizard)      Turns: 1427, Time: 00:04:39

Health: -5/21      AC:  1    Str:  6    XL:     3   Next: 79%
Magic:  7/7        EV: 11    Int: 20    God:
Gold:   84         SH:  4    Dex: 11    Spells: 3 memorised, 3 levels left

rFire  . . .     SeeInvis .     l - +0 dagger (vamp)
rCold  . . .     Gourm    .     m - +1 buckler {rN+}
rNeg   + . .     Faith    .     a - +0 hat
rPois  .         Spirit   .     (no amulet)
rElec  .         Dismiss  .     (no ring)
rCorr  .         Reflect  .     (no ring)
SustAt .         Harm     .     (no ring)
MR     .....                    (no ring)
Stlth  +++.......               (no ring)
                                (no ring)
                                (no ring)
                                (no ring)

@: not resistant to hostile enchantments, fairly stealthy
A: almost no armour, amphibious, 8 rings, constrict 8, camouflage 1, gelatinous
body 1
a: no special abilities


You were on level 2 of the Dungeon.
You were hungry.

You visited 1 branch of the dungeon, and saw 2 of its levels.

You collected 84 gold pieces.

Inventory:

Hand Weapons
 j - a +0 dagger
 l - a +0 vampiric dagger (weapon)
Armour
 a - a +0 hat (worn)
 m - a +1 buckler of positive energy (worn)
Scrolls
 h - 3 scrolls of teleportation
 k - 2 scrolls of remove curse
Potions
 d - 2 potions of heal wounds
 e - a potion of lignification
 f - 6 potions of curing {unknown}
 i - a potion of invisibility {unknown}
 n - a potion of resistance {unknown}
Books
 b - a book of Minor Magic

   Spells                             Type                      Level
   a - Magic Dart                     Conjuration                  1
   b - Blink                          Translocation                2
   c - Call Imp                       Summoning                    2
   d - Repel Missiles                 Charms/Air                   2
   e - Slow                           Hexes                        2
   f - Conjure Flame                  Conjuration/Fire             3
   g - Mephitic Cloud                 Conjuration/Poison/Air       3
Comestibles
 c - 2 bread rations
 g - a beef jerky


   Skills:
 + Level 0.4 Short Blades
 - Level 2.0 Dodging
 - Level 2.6 Stealth
 + Level 0.2 Shields
 - Level 3.0 Spellcasting
 + Level 2.9 Conjurations
   Level 1.0 Summonings
 + Level 1.8 Translocations


You had 3 spell levels left.
You knew the following spells:

 Your Spells              Type           Power        Failure   Level  Hunger
a - Magic Dart            Conj           ##..         10%         1    None
b - Blink                 Tloc           N/A          17%         2    ##.....
c - Repel Missiles        Chrm/Air       #.....       38%         2    ##.....


Dungeon Overview and Level Annotations

Branches:
Dungeon (2/15)

Altars:

Annotations:
D:2 Jessica


Innate Abilities, Weirdness & Mutations

You cannot wear most types of armour.
You are amphibious.
You can wear up to eight rings at the same time.
You can use your tentacles to constrict eight enemies at once.
Your skin changes colour to match your surroundings (Stealth+).
Your rubbery body absorbs attacks. (AC +1)


Message History

You constrict the adder. The adder closely misses you.
You block Jessica's attack. You block the adder's attack.
You hit the adder but do no damage. You squeeze the adder.
You kill the adder!
Jessica hits you but does no damage. Jessica hits you.
You hit Jessica but do no damage. Your grab misses Jessica.
Jessica mumbles something strange.
Jessica hits you.
You completely miss Jessica. You grab Jessica.
You constrict Jessica, but do no damage.
Jessica closely misses you.
Jessica points at you and mumbles some strange words.
You barely resist. You hit Jessica but do no damage. You squeeze Jessica!
Jessica is severely wounded.
You constrict Jessica, but do no damage.
Jessica points at you and mumbles some strange words.
Pain shoots through your body!
Ouch! That really hurt!
You die...

.. ..###
.....## .......
.......#######
.....r..#....
?.....@...#
.......@#
........##
.........#
##...#...######
##.##........#
#. ##..####.# #
#..#### #.....#
##.##.#


You could see Jessica and a rat.

Vanquished Creatures
  An adder (D:2)
  3 dart slugs (D:1)
  A giant gecko (D:1)
  6 goblins
  5 hobgoblins (D:1)
  8 kobolds (D:1)
  2 bats (D:1)
  3 giant newts (D:1)
  4 rats
33 creatures vanquished.

Notes
Turn   | Place    | Note
--------------------------------------------------------------
     0 | D:1      | Ijustatesigmund the Octopode Wizard began the quest for the Orb.
     0 | D:1      | Reached XP level 1. HP: 11/11 MP: 4/4
   165 | D:1      | Reached XP level 2. HP: 17/17 MP: 4/6
   169 | D:1      | Learned a level 2 spell: Blink
   172 | D:1      | Learned a level 2 spell: Repel Missiles
   770 | D:1      | Reached XP level 3. HP: 21/21 MP: 3/7
  1415 | D:2      | Noticed Jessica
  1427 | D:2      | Killed from afar by Jessica

Vault maps used:
D:1:      lightli_arrival_isolated_outpost, roderic_lattice_a
D:2:      uniq_jessica, uniq_iyjb

Skill      XL: |  1 |
---------------+----+-----
Conjurations   | 2 |  2.9
Short Blades   | |  0.4
Dodging        | |  2.0
Stealth        | |  2.6
Shields        | |  0.2
Spellcasting   | |  3.0
Summonings     | |  1.0
Translocations | |  1.8

Action                   || total
-------------------------++-------
Melee: Unarmed           ||     3
       Tentacles         ||     5
       Dagger            ||    18
       Constrict         ||     4
 Cast: Magic Dart        ||    57
       Repel Missiles    ||     1
  Use: Scroll            ||     6
 Stab: Sleeping          ||     5
  Eat: Bread ration      ||     1
       Chunk             ||     1
Armor: Skin              ||     2
Dodge: Dodged            ||    14
       Deflected         ||     1
Block: Buckler           ||     3
